 Dungeon Crawl Stone Soup version 0.20.1-1-g8b1a95d (console) character file.

261 hilaritas the Poker (level 5, -9/45 HPs)
             Began as a Centaur Monk on Sept 22, 2017.
             Was an Elder of Nemelex Xobeh.
             Mangled by Menkaure (20 damage)
             ... on level 4 of the Dungeon.
             The game lasted 00:11:08 (3230 turns).

hilaritas the Poker (Centaur Monk)                  Turns: 3230, Time: 00:11:09

Health: -9/45      AC:  5    Str: 13    XL:     5   Next: 96%
Magic:  7/7        EV: 10    Int:  9    God:    Nemelex Xobeh [****..]
Gold:   118        SH:  0    Dex: 13    Spells: 4/4 levels left

rFire    . . .     SeeInvis .   n - +0 spear (venom)
rCold    . . .     Gourm    +   (no shield)
rNeg     . . .     Faith    .   b - +1 robe
rPois    .         Spirit   .   (no helmet)
rElec    .         Reflect  .   (no cloak)
rCorr    .         Harm     .   (no gloves)
MR       .....                  (no barding)
Stlth    +.........             t - amulet of the gourmand
Regen    0.2/turn               (no ring)
MPRegen  0.1/turn               (no ring)

@: very quick
A: hooves 3, deformed body, speed 2, tough skin 3
a: Triple Draw, Deal Four, Renounce Religion


You were on level 4 of the Dungeon.
You worshipped Nemelex Xobeh.
Nemelex Xobeh was greatly pleased with you.
You were not hungry.

You visited 1 branch of the dungeon, and saw 4 of its levels.

You collected 118 gold pieces.

Inventory:

Hand Weapons
 n - a +0 spear of venom (weapon)
Missiles
 i - 2 javelins (quivered)
Armour
 b - a +1 robe (worn)
Jewellery
 t - an amulet of the gourmand (around neck)
Wands
 y - a wand of random effects (17/48)
Scrolls
 k - 2 scrolls of identify
 s - 2 scrolls of remove curse
 u - a scroll of magic mapping
Potions
 e - a potion of haste {unknown}
 g - a potion of heal wounds {unknown}
 j - a potion of flight {unknown}
 l - a potion of brilliance {unknown}
 w - a potion of mutation {unknown}
 z - a potion of degeneration {unknown}
Miscellaneous
 o - an ornate deck of destruction
 p - a plain deck of escape
 q - a plain deck of escape
 r - a plain deck of summoning
 x - a plain deck of summoning
 B - a legendary deck of summoning
Comestibles
 c - 2 bread rations
 d - 2 meat rations
 h - a royal jelly


   Skills:
 - Level 3.0 Fighting
 + Level 5.5 Polearms
 - Level 2.1 Dodging
 - Level 1.1 Stealth
 * Level 2.7 Invocations


You had 4 spell levels left.
You didn't know any spells.

Dungeon Overview and Level Annotations

Branches:
Dungeon (4/15)             Temple (0/1) D:4

Altars:
Fedhas
Kikubaaqudgha
Nemelex Xobeh
Ru

Annotations:
D:4 Menkaure


Innate Abilities, Weirdness & Mutations

You have hooves in place of feet.
Armour fits poorly on your strangely shaped body.
You cover ground very quickly.
You have extremely tough skin. (AC +3)


Message History

The adder is moderately wounded.
You feel sick. The worker ant barely misses you.
Menkaure grins.
Menkaure hits you! The adder bites you.
You hit the worker ant. You kick the worker ant!
The worker ant is severely wounded.
The worker ant closely misses you. The adder bites you but does no damage.
You hit Menkaure but do no damage. Your kick misses Menkaure.
You feel sick. The worker ant bites you.
You are more poisoned.
The worker ant poisons you! Menkaure barely misses you.
The adder bites you but does no damage.
Okay, then.
You feel better. The worker ant bites you!
The adder bites you but does no damage. Menkaure hits you!!
* * * LOW HITPOINT WARNING * * *
You feel better. The worker ant barely misses you.
The adder bites you but does no damage. Menkaure hits you!!
You die...
Your body glows with a rainbow of weird colours and disappears.

#######*###***
##?....##...,,**
##.......)...,,,**
#..).........,,,,*
#............,,,,*
#....Sa......,,,,*
####....@M......,,,,*
#...#####.......,,,,*
#..##PP.#.......,,,,*
###).PP._P#.......,,,**
####........P#..##...,,**
#P......P.#######**..,,,*
*** #._..P..###.#
***#*,,****,,
#PP.##..)...#
****,,,,,,,,,,,,
####*#)...#.#
*,,,.#**,*,,,,,,
####.#.##***#.....,,,,,,,
#.#..####..#...,,,,,,,


You could see Menkaure, a worker ant and an adder.

Vanquished Creatures
  An orc priest (D:3)
  A hound (D:4)
  9 adders
  4 gnolls (D:2)
  2 dart slugs
  A leopard gecko (D:1)
  2 orcs (D:3)
  17 giant cockroaches
  10 goblins
  4 hobgoblins
  A jackal (D:4)
  A quokka (D:3)
  A ball python (D:3)
  9 bats
  A jackal skeleton (D:4)
  4 kobolds
  9 rats
77 creatures vanquished.

Notes
Turn   | Place    | Note
-------+----------+-------------------------------------------
     0 | D:1      | hilaritas the Centaur Monk began the quest for the Orb.
     0 | D:1      | Reached XP level 1. HP: 19/19 MP: 1/1
   149 | D:1      | Reached skill level 3 in Polearms
   300 | D:1      | Reached XP level 2. HP: 26/26 MP: 2/2
  1110 | D:1      | Reached XP level 3. HP: 29/31 MP: 3/3
  1332 | D:2      | Found a faded altar of an unknown god.
  1348 | D:2      | Became a worshipper of Nemelex Xobeh the Trickster
  1348 | D:2      | Received a gift from Nemelex Xobeh
  1348 | D:2      | Reached * piety under Nemelex Xobeh
  1348 | D:2      | Received a gift from Nemelex Xobeh
  1348 | D:2      | Reached ** piety under Nemelex Xobeh
  1348 | D:2      | Received a gift from Nemelex Xobeh
  1348 | D:2      | Received a gift from Nemelex Xobeh
  1373 | D:2      | Reached skill level 4 in Polearms
  1375 | D:2      | Reached skill level 1 in Invocations
  1381 | D:2      | Reached XP level 4. HP: 18/38 MP: 4/4
  1790 | D:2      | Reached *** piety under Nemelex Xobeh
  2110 | D:2      | Reached XP level 5. HP: 40/45 MP: 6/6
  2258 | D:2      | Found a sacrificial altar of Ru.
  2260 | D:2      | Received a gift from Nemelex Xobeh
  2617 | D:3      | Reached skill level 5 in Polearms
  2792 | D:3      | Received a gift from Nemelex Xobeh
  3087 | D:4      | Reached **** piety under Nemelex Xobeh
  3209 | D:4      | Found an ancient bone altar of Kikubaaqudgha.
  3211 | D:4      | Found a blossoming altar of Fedhas.
  3220 | D:4      | Noticed Menkaure
  3229 | D:4      | HP: 1/45 [Menkaure (21)]
  3230 | D:4      | Mangled by Menkaure

Skill      XL: |  1  2  3  4  5 |
---------------+----------------+-----
Polearms       | 3 4 5 |  5.5
Invocations    | 1 2 |  2.7
Fighting       | |  3.0
Dodging        | |  2.1
Stealth        | |  1.1

Action                   |  1- 3 |  4- 6 || total
-------------------------+-------+-------++-------
Melee: Spear             |   108 |   115 ||   223
       Kick              |     9 |    25 ||    34
  Use: Scroll            |       |     7 ||     7
       Potion            |       |     2 ||     2
 Stab: Sleeping          |     1 |     2 ||     3
  Eat: Chunk             |     1 |    10 ||    11
Armor: Robe              |    26 |    18 ||    44
Dodge: Dodged            |    29 |    36 ||    65
